 Dungeon Crawl Stone Soup version 0.30-a0-728-gc68057be0a (webtiles) character file.

Game seed: 3861693875816918221

220 browni3141 the Changer (level 6, -2/43 HPs)
             Began as a Human Earth Elementalist on Jan 30, 2023.
             Slain by a phantom (6 damage)
             ... on level 5 of the Dungeon.
             The game lasted 00:10:42 (3672 turns).

browni3141 the Changer (Human Earth Elementalist)   Turns: 3672, Time: 00:10:42

Health: -2/43      AC:  3    Str:  8    XL:     6   Next: 18%
Magic:  2/9        EV: 12    Int: 17    God:
Gold:   180        SH:  0    Dex: 14    Spells: 2/9 levels left

rFire   . . .      SeeInvis .    p - +0 short sword
rCold   . . .      Faith    .    (no shield)
rNeg    . . .      Spirit   .    a - +0 robe
rPois   .          Reflect  .    (no helmet)
rElec   .          Harm     .    (no cloak)
rCorr   .          Rampage  .    t - +0 pair of gloves
Will    .....                    (no boots)
Stlth   ++                       (no amulet)
HPRegen 0.27/turn                (no ring)
MPRegen 0.11/turn                (no ring)

@: about to teleport
A: no striking features
a: no special abilities


You were on level 5 of the Dungeon.
You visited 1 branch of the dungeon, and saw 5 of its levels.

You collected 180 gold pieces.

Inventory:

Hand Weapons
 e - a +0 club
 h - a +0 whip
 j - a +0 dagger
 p - a +0 short sword (weapon)
Missiles
 o - 6 poisoned darts
Armour
 a - a +0 robe (worn)
 t - a +0 pair of gloves (worn)
Scrolls
 c - a scroll of fear
 i - a scroll of immolation {unknown}
 l - a scroll of vulnerability {unknown}
 m - a scroll of blinking {unknown}
 q - a scroll of fog {unknown}
 s - a scroll of enchant weapon {unknown}
Potions
 b - a potion of magic
 d - 3 potions of mutation
 f - 3 potions of curing
 k - a potion of brilliance
 n - a potion of degeneration
 u - a potion of heal wounds {unknown}


   Skills:
 - Level 1.0 Fighting
 - Level 2.0 Dodging
 - Level 2.0 Stealth
 - Level 2.0 Spellcasting
 * Level 4.4 Transmutations
 * Level 4.4 Earth Magic


You had 2 spell levels left.
You knew the following spells:

 Your Spells              Type           Power      Damage    Failure   Level
a - Sandblast             Erth           32%        2d9       3%          1
b - Passwall              Tmut/Erth      13%        N/A       4%          2
c - Petrify               Tmut/Erth      16%        N/A       30%         4

Your spell library contained the following spells:

 Spells                   Type           Power      Damage    Failure   Level
 Magic Dart               Conj           4%         1d3       19%         1
 Searing Ray              Conj           2%         2d4       28%         2
 Stone Arrow              Conj/Erth      18%        3d8       24%         3
 Fulminant Prism          Conj/Hex       0%         3d5       88%         4


Dungeon Overview and Level Annotations

Branches:
Dungeon (5/15)
 Temple: D:4-7

Altars:
Ru
Sif Muna

Annotations:
D:4 Blork the orc


Message History

The blast of sand hits the iguana.
You kill the iguana!
The phantom hits you.
There is an open door here.
The phantom attacks as you move away!
The phantom hits you but does no damage.
Things that are here:
a +0 whip; a gnoll skeleton The phantom attacks as you move away!
The phantom hits you. The phantom attacks as you move away!
The phantom closely misses you.
Casting: Sandblast (safe; 3% risk of failure)
Confirm with . or Enter, or press ? or * to list all spells.
Aiming: Passwall (safe; 4% risk of failure)
Press: ? - help, Dir - move target A rock wall.
The phantom hits you.
You begin to meditate on the wall.
You continue meditating on the rock.
The phantom hits you.
You continue meditating on the rock.
The phantom hits you.
The phantom blinks!
You blink.
Your meditation is interrupted.
As you read the scroll of identify, it crumbles to dust.
c - a scroll of fear The phantom hits you.
As you read the scroll of identify, it crumbles to dust.
g - a scroll of teleportation The phantom closely misses you.
You miss the phantom. The phantom hits you.
The phantom attacks as you move away! The phantom hits you!
* * * LOW HITPOINT WARNING * * *
You can't see any enemies this would affect, really read the scroll of fear?
Okay, then.
As you read the scroll of teleportation, it crumbles to dust.
You feel strangely unstable. The phantom hits you.
* * * LOW HITPOINT WARNING * * *
The phantom attacks as you move away! The phantom barely misses you.
The phantom attacks as you move away! The phantom hits you.
* * * LOW HITPOINT WARNING * * *
The phantom attacks as you move away! The phantom hits you.
You die...

#.# ....
#######'###
.(.#############
#.........#
...#.......<...#
#.........#
...#.######.##.#
#.........#
...#.# #.##.#
#######'###
...#.# #....# #.#
...#.#
##############.#
...'.#
#.@..).....#
...###
######W##########
...# #....#.#
...# ##.##.#.#
#### #.....#.#
#########..#..#.#
...........#..#.#
##########<#..#.#
#.#..#.#


You could see a phantom.

Vanquished Creatures
  A gnoll bouda (D:5)
  An iguana (D:5)
  2 gnolls (D:5)
  8 adders
  3 dart slugs
  5 orcs
  8 bats
  4 endoplasms
  2 giant cockroaches
  6 goblins
  2 hobgoblins
  2 jackals (D:2)
  5 quokkas
  4 ball pythons (D:1)
  3 frilled lizards
  6 kobolds
  7 rats
69 creatures vanquished.

Vanquished Creatures (others)
  A plant (D:1)
1 creature vanquished.

Grand Total: 70 creatures vanquished

Notes
Turn   | Place    | Note
-------+----------+-------------------------------------------
     0 | D:1      | browni3141 the Human Earth Elementalist began the quest for
                  | the Orb.
     0 | D:1      | Reached XP level 1. HP: 13/13 MP: 3/3
    81 | D:1      | Reached skill level 1 in Fighting
    87 | D:1      | Reached XP level 2. HP: 21/21 MP: 0/5
    90 | D:1      | Learned a level 2 spell: Passwall
   201 | D:1      | Found a faded altar of an unknown god.
   387 | D:1      | Reached XP level 3. HP: 26/26 MP: 3/6
  1325 | D:2      | Reached XP level 4. HP: 28/32 MP: 3/7
  2465 | D:3      | Reached XP level 5. HP: 36/37 MP: 3/8
  2523 | D:3      | Found a sacrificial altar of Ru.
  2650 | D:3      | Found a shimmering blue altar of Sif Muna.
  2935 | D:3      | Noticed an ice beast
  3244 | D:4      | Noticed Blork the orc
  3318 | D:5      | Entered Level 5 of the Dungeon
  3439 | D:5      | Learned a level 4 spell: Petrify
  3539 | D:5      | Noticed an ice beast
  3585 | D:5      | Noticed a black bear
  3597 | D:5      | Reached XP level 6. HP: 36/43 MP: 4/9
  3672 | D:5      | Slain by a phantom

Illustrated notes

Levels and vault maps discovered:
D:1:      minmay_arrival_pointy, layout_basic, chequers_ecumenical_altar_lobes,
          minmay_cupped
D:2:      layout_basic
D:3:      layout_rooms, old_standard_altar, nicolae_ru_path_of_blood
D:4:      layout_loops_ring, grunt_temple_overflow_champion_of_chaos,
          nicolae_ashenzari_skybound, minmay_temple_entry_overgrown,
          uniq_blork_the_orc
D:5:      layout_basic, amcnicky_mini_pool_small

Skill      XL: |  1  2  3  4  5 |
---------------+----------------+-----
Fighting       | 1 |  1.0
Transmutations | 2 3 4 |  4.4
Earth Magic    | 4 |  4.4
Dodging        | |  2.0
Stealth        | |  2.0
Spellcasting   | |  2.0

Action                     |  1- 3 |  4- 6 || total
---------------------------+-------+-------++-------
  Melee: Dagger            |     2 |       ||     2
         Short sword       |       |    17 ||    17
  Throw: Stone             |     5 |       ||     5
   Cast: Sandblast         |    53 |    74 ||   127
         Passwall          |     1 |     5 ||     6
    Use: Scroll            |       |     7 ||     7
 Armour: Robe              |     8 |    16 ||    24
  Dodge: Dodged            |    30 |    39 ||    69

Table legend: (Time is in decaauts)
 A = Elapsed time spent in this place.
 B = Non-inter-level travel time spent in this place.
 C = Inter-level travel time spent in this place.
 D = Time resting spent in this place.
 E = Time spent auto-exploring this place.
 F = Levels seen in this place.
 G = Mean time per level.
                   A        B        C        D        E       F      G
               +--------+--------+--------+--------+--------+-----+--------+
         Total |   3736 |   3482 |    254 |    300 |   2365 |   5 |  747.2 |
       Dungeon |   3736 |   3482 |    254 |    300 |   2365 |   5 |  747.2 |
               +--------+--------+--------+--------+--------+-----+--------+

Top non-repeatable levels by time:
     D:2: 1344 daAuts
     D:1: 1058 daAuts
     D:3: 852 daAuts
     D:5: 364 daAuts
     D:4: 116 daAuts
